[Event "Team 45 45 League T80"]
[Site "Internet Chess Club"]
[Date "2019.04.20"]
[Round "4"]
[White "idjit"]
[Black "rubo"]
[Result "1/2-1/2"]
[WhiteElo "1620"]
[BlackElo "1560"]
[Opening "Caro-Kann: classical, Spassky variation"]
[ECO "B19"]
[Time "19:01:19"]
[TimeControl "2700+45"]

1. e4 c6 2. d4 d5 3. Nc3 dxe4 4. Nxe4 Bf5 5. Ng3 Bg6 6. h4 h6 7. Nf3 Nd7 8. h5
Bh7 9. Bd3 Bxd3 10. Qxd3 e6 11. Bf4 Ngf6 12. O-O-O Nd5 13. Bd2 Bd6 14. Rde1 Bf4
15. Kb1 Bxd2 16. Qxd2 O-O 17. Ne5 Nxe5 18. Rxe5 Qc7 19. Rhe1 Nf6 20. Ne4 Nxe4
21. R1xe4 Rfd8 22. Qe3 Rd5 23. g4 Rad8 24. c3 Rxe5 25. Rxe5 Rd5 26. f4 Rxe5 27.
fxe5 Qe7 28. Kc2 f6 29. Kd3 fxe5 30. Qxe5 Kh7 31. c4 Qd7 32. d5 exd5 33. cxd5
cxd5 {Game drawn by mutual agreement} 1/2-1/2

[Event "Team 45 45 League T80"]
[Site "Internet Chess Club"]
[Date "2019.04.23"]
[Round "4"]
[White "g8wrb"]
[Black "bardu"]
[Result "1-0"]
[WhiteElo "1423"]
[BlackElo "1255"]
[Opening "Ruy Lopez: Worrall attack, sharp line"]
[ECO "C77"]
[Time "16:07:26"]
[TimeControl "2700+45"]

1. e4 e5 2. Nf3 Nc6 3. Bb5 a6 4. Ba4 Nf6 5. Qe2 b5 6. Bb3 Be7 7. O-O O-O 8. c3
d5 9. exd5 Nxd5 10. Nxe5 Nxe5 11. Qxe5 Bb7 12. d4 Bd6 13. Qh5 Nf4 14. Bxf4 Bxf4
15. Rd1 Re8 16. Bxf7+ Kh8 17. Bxe8 Qxe8 18. Qxe8+ Rxe8 19. Na3 Re2 20. b3 Be4
21. Re1 Rxe1+ {Black resigns} 1-0

[Event "Team 45 45 League T80"]
[Site "Internet Chess Club"]
[Date "2019.04.21"]
[Round "4"]
[White "tasawyer81"]
[Black "rgadoury"]
[Result "1-0"]
[WhiteElo "1214"]
[BlackElo "1312"]
[Opening "QGD: symmetrical (Austrian) defense"]
[ECO "D06"]
[Time "17:04:04"]
[TimeControl "2700+45"]

1. d4 d5 2. c4 c5 3. cxd5 cxd4 4. Qxd4 Nf6 5. Nc3 e6 6. Nf3 exd5 7. Bf4 Be6 8.
e3 Be7 9. Bb5+ Nc6 10. Ne5 O-O 11. Nxc6 bxc6 12. Bxc6 Qb6 13. Qxb6 axb6 14. Bxa8
Rxa8 15. O-O h6 16. a4 Bd7 17. Nb5 Bxb5 18. axb5 Rxa1 19. Rxa1 Bc5 20. Ra8+ Kh7
21. Kf1 h5 22. h4 Kg6 23. Ke2 Ne4 24. f3 Nf6 25. Bg5 Nh7 26. Rd8 f6 27. Bf4 f5
28. Rxd5 Nf6 29. Rd3 Nh7 30. Bd6 {Black resigns} 1-0

[Event "Team 45 45 League T80"]
[Site "Internet Chess Club"]
[Date "2019.04.17"]
[Round "4"]
[White "SeniorCitizen"]
[Black "grekor"]
[Result "1/2-1/2"]
[WhiteElo "1300"]
[BlackElo "1138"]
[Opening "Danish gambit"]
[ECO "C21"]
[Time "14:30:19"]
[TimeControl "2700+45"]

1. e4 e5 2. d4 exd4 3. c3 dxc3 4. Bc4 Nc6 5. Nf3 Bc5 6. Bxf7+ Kxf7 7. Qd5+ Ke8
8. Qxc5 d6 9. Qxc3 Qf6 10. O-O Qxc3 11. Nxc3 Bg4 12. Nh4 Nf6 13. f3 Bd7 14. Re1
Kf7 15. Rd1 Rhe8 16. a3 Re7 17. Bg5 h6 18. Bxf6 gxf6 19. Nd5 Be6 20. Nxe7 Kxe7
21. Re1 Nd4 22. Nf5+ Bxf5 23. exf5+ Kf7 24. Rac1 c6 25. Rc3 Nxf5 26. Kf2 Rd8 27.
g4 Nh4 28. Rce3 d5 29. Re7+ Kg6 30. Rxb7 d4 31. Rc7 Kg5 32. Rxc6 Ng6 33. Kg3 Ne5
34. Rc2 d3 35. Rd2 Nc4 36. f4+ Kg6 37. Red1 Nxd2 38. Rxd2 f5 39. h4 fxg4 40.
Kxg4 h5+ 41. Kf3 Kf5 42. b4 Rd4 43. Ke3 Rxf4 44. Rxd3 Rxh4 45. Rd5+ Kg4 46. Rd4+
Kg3 47. Rxh4 Kxh4 48. Kf2 Kg4 49. Kg2 Kf4 50. a4 Ke4 51. b5 Kd5 52. a5 Kc5 53.
b6 {Game drawn by mutual agreement} 1/2-1/2